 Dungeon Crawl Stone Soup version 0.21.1-1-g345015f (webtiles) character file.

43 Kairos the Skirmisher (level 3, 0/30 HPs)
             Began as a Formicid Abyssal Knight on Mar 27, 2018.
             Was a Follower of Lugonu.
             Slain by a goblin
             ... wielding a +1 dagger of electrocution
             ... led by Robin
              (10 damage)
             ... on level 3 of the Dungeon.
             The game lasted 00:04:49 (1863 turns).

Kairos the Skirmisher (Formicid Abyssal Knight)     Turns: 1863, Time: 00:04:49

Health: 0/30       AC:  5    Str: 23    XL:     3   Next: 82%
Magic:  4/4        EV: 11    Int: 11    God:    Lugonu [*.....]
Gold:   124        SH:  0    Dex: 11    Spells: 2/2 levels left

rFire    . . .     SeeInvis +   a - +1 hand axe
rCold    . . .     Gourm    .   (no shield)
rNeg     . . .     Faith    .   r - +0 ring mail
rPois    .         Spirit   .   (helmet unavailable)
rElec    .         Reflect  .   (no cloak)
rCorr    .         Harm     .   (no gloves)
MR       .....                  (no boots)
Stlth    +.........             (no amulet)
HPRegen  0.10/turn              o - +5 ring of strength
MPRegen  0.09/turn              u - +2 ring of strength

@: no status effects
A: permanent stasis, dig shafts and tunnels, four strong arms, antennae 3
a: Dig, Shaft Self, Depart the Abyss, Renounce Religion


You were on level 3 of the Dungeon.
You worshipped Lugonu.
Lugonu was aware of your devotion.
You were not hungry.

You visited 1 branch of the dungeon, and saw 3 of its levels.
You visited the Abyss 1 time.

You collected 124 gold pieces.

Inventory:

Hand Weapons
 a - a +1 hand axe (weapon)
Armour
 b - a +0 leather armour
 r - a +0 ring mail (worn)
Jewellery
 o - a +5 ring of strength (left hand)
 u - a +2 ring of strength (right hand)
Scrolls
 d - a scroll of fear {unknown}
 e - 2 scrolls of enchant armour
 f - a scroll of fog
 g - a scroll of holy word
 i - a scroll of remove curse {unknown}
 k - a scroll of amnesia {unknown}
 m - a scroll of magic mapping {unknown}
 n - a scroll of random uselessness {unknown}
Potions
 h - a potion of ambrosia
 j - 2 potions of curing {unknown}
 l - a potion of invisibility {unknown}
 p - 2 potions of flight {unknown}
 q - a potion of might {unknown}
 s - a potion of berserk rage {unknown}
 t - a potion of heal wounds {unknown}
Comestibles
 c - 6 rations


   Skills:
 + Level 4.0 Fighting
 + Level 2.8 Axes
 + Level 2.6 Armour
 + Level 1.0 Dodging
 + Level 2.2 Invocations


You had 2 spell levels left.
You didn't know any spells.

Dungeon Overview and Level Annotations

Branches:
Dungeon (3/15)

Altars:
Fedhas

Annotations:
D:3 Robin


Innate Abilities, Weirdness & Mutations

You cannot be hasted, slowed, berserked, paralysed or teleported.
You can dig through walls and to a lower floor.
Your four strong arms can wield two-handed weapons with a shield.
You have a pair of large antennae on your head. (SInv)


Message History

The goblin goes into a battle-frenzy!
There is a stone staircase leading up here.
You see here a stone.
The goblin shoots a stone.
The stone closely misses you.
The goblin shoots a stone.
The stone hits you.
You see here a stone.
The goblin unwields an uncursed hunting sling.
The goblin wields an uncursed dagger of electrocution.
You hear the crackle of electricity.
The goblin hits you with an uncursed dagger of electrocution.
You barely miss the goblin.
The goblin hits you with an uncursed dagger of electrocution.
You are electrocuted!
You are too injured to fight recklessly!
You are too injured to fight recklessly!
You are too injured to fight recklessly!
You hit Robin but do no damage. You hit the goblin. Robin closely misses you.
The goblin hits you with an uncursed dagger of electrocution.
You are electrocuted!
You die...

..........#
#####........#
............#
#รท.)...#
#.#####......#
.............#
#.####.......#
{
#....g..#####
#(<.(@g......
#.######.....
#.# ..... #.#
.... #.# { ..
#.# ..# ###


You could see Robin and a goblin.

Vanquished Creatures
  An adder (D:2)
  A worm (D:2)
  A ball python (D:2)
  A giant cockroach (D:2)
  8 goblins
  5 hobgoblins
  A kobold (D:2)
  5 bats
  2 frilled lizards (D:1)
  6 rats
31 creatures vanquished.

Vanquished Creatures (others)
  2 starspawn tentacles (Abyss:2)
2 creatures vanquished.

Grand Total: 33 creatures vanquished

Notes
Turn   | Place    | Note
-------+----------+-------------------------------------------
     0 | Abyss:1  | Kairos the Formicid Abyssal Knight began the quest for the Orb.
     0 | Abyss:1  | Reached XP level 1. HP: 18/18 MP: 2/2
   104 | Abyss:2  | Noticed a tentacled starspawn
   104 | Abyss:2  | Noticed a bone dragon
   153 | Abyss:3  | Noticed a small abomination
   248 | Abyss:3  | Noticed a spatial vortex
   271 | Abyss:3  | Noticed a chaos spawn
   315 | Abyss:3  | Noticed an efreet
   317 | D:1      | Escaped the Abyss
   594 | D:1      | Reached XP level 2. HP: 24/24 MP: 3/3
   819 | D:2      | Found a blossoming altar of Fedhas.
   935 | D:2      | Reached * piety under Lugonu
   974 | D:2      | Reached XP level 3. HP: 24/30 MP: 4/4
  1001 | D:2      | Reached skill level 1 in Dodging
  1567 | D:3      | Noticed Robin
  1776 | D:2      | Reached skill level 4 in Fighting
  1863 | D:3      | Slain by a goblin

Skill      XL: |  1  2  3 |
---------------+----------+-----
Dodging        | 1 |  1.0
Fighting       | 4 |  4.0
Axes           | |  2.8
Armour         | |  2.6
Invocations    | |  2.2

Action                   || total
-------------------------++-------
Melee: Hand axe          ||    72
Invok: Depart the Abyss  ||     1
  Use: Scroll            ||     4
  Eat: Chunk             ||     3
Armor: Leather armour    ||    11
       Ring mail         ||     7
Dodge: Dodged            ||    78
